 Dungeon Crawl Stone Soup version 0.20.1-1-g8b1a95d (webtiles) character file.

5965 Peloso the Cleaver (level 10, 0/91 HPs)
             Began as a Deep Dwarf Fighter on Aug 13, 2017.
             Was a High Priest of Okawaru.
             Slain by a red ugly thing (1 damage)
             ... on level 10 of the Dungeon.
             The game lasted 00:24:29 (7571 turns).

Peloso the Cleaver (Deep Dwarf Fighter)             Turns: 7571, Time: 00:24:31

Health: 0/91       AC: 13    Str: 23    XL:     10   Next: 54%
Magic:  12/12      EV: 12    Int:  9    God:    Okawaru [*****.]
Gold:   444        SH:  0    Dex: 12    Spells: 9/9 levels left

rFire    . . .     SeeInvis .   I - +2 sword of Power
rCold    . . .     Gourm    .   (shield currently unavailable)
rNeg     + . .     Faith    .   b - +0 scale mail
rPois    +         Spirit   .   r - +0 helmet
rElec    .         Reflect  .   y - +1 cloak {rPois}
rCorr    .         Harm     .   (no gloves)
MR       +....                  D - +0 pair of boots
Stlth    +.........             (no amulet)
Regen    0.0/turn               C - ring of positive energy
MPRegen  0.2/turn               (no ring)

@: non-regenerating
A: damage resistance, heal wounds, sense surroundings 2, no regeneration
a: Heal Wounds, Heroism, Finesse, Renounce Religion


You were on level 10 of the Dungeon.
You worshipped Okawaru.
Okawaru was extremely pleased with you.
You were not hungry.

You visited 2 branches of the dungeon, and saw 11 of its levels.

You collected 444 gold pieces.

Inventory:

Hand Weapons
 a - a +2 scimitar
 l - a +3 hand axe of electrocution
 I - the +2 sword of Power (weapon)
   (You found it on level 9 of the Dungeon)
Missiles
 m - 19 bolts
Armour
 b - a +0 scale mail (worn)
 c - a +0 shield
 r - a +0 helmet (worn)
 y - a +1 cloak of poison resistance (worn)
 D - a +0 pair of boots (worn)
Jewellery
 g - an uncursed amulet of guardian spirit
 C - a ring of positive energy (left hand)
Wands
 t - a wand of digging (11/24)
 x - a wand of disintegration (0/24)
 A - a wand of acid (4/15)
 E - a wand of random effects (26/48)
 J - a wand of confusion (22/48)
Scrolls
 d - a scroll of blinking
 e - 3 scrolls of teleportation
 j - 3 scrolls of amnesia
 k - 2 scrolls of magic mapping
 n - 3 scrolls of recharging
 q - 4 scrolls of remove curse
 s - a scroll of fog
 v - 2 scrolls of enchant weapon
Potions
 o - 4 potions of might
 p - 3 potions of berserk rage
 w - a potion of magic
 z - 2 potions of flight
 B - a potion of heal wounds
 H - a potion of curing {unknown}
 M - a potion of agility {unknown}
Books
 F - a book of Debilitation

   Spells                             Type                      Level
   a - Corona                         Hexes                        1
   b - Slow                           Hexes                        2
   c - Inner Flame                    Hexes/Fire                   3
   d - Portal Projectile              Hexes/Translocation          3
   e - Cause Fear                     Hexes                        4
   f - Leda's Liquefaction            Hexes/Earth                  4
 G - a book of Misfortune

   Spells                             Type                      Level
   a - Confusing Touch                Hexes                        1
   b - Confuse                        Hexes                        3
   c - Gell's Gravitas                Translocation                3
   d - Petrify                        Transmutation/Earth          4
   e - Metabolic Englaciation         Hexes/Ice                    5
   f - Yara's Violent Unravelling     Hexes/Transmutation          5
 K - a Young Poisoner's Handbook

   Spells                             Type                      Level
   a - Sting                          Conjuration/Poison           1
   b - Poisonous Vapours              Poison/Air                   2
   c - Mephitic Cloud                 Conjuration/Poison/Air       3
   d - Olgreb's Toxic Radiance        Poison                       4
   e - Venom Bolt                     Conjuration/Poison           5
Comestibles
 f - 8 bread rations
 h - 9 royal jellies
 i - 5 fruits
 u - 9 meat rations
 L - 4 chunks of flesh


   Skills:
 + Level 5.8 Fighting
 + Level 3.3 Long Blades
 + Level 9.8 Axes
 + Level 8.4 Armour
 + Level 4.8 Dodging
 + Level 2.3 Stealth
 + Level 8.3 Shields
 + Level 1.5 Invocations
 + Level 3.3 Evocations


You had 9 spell levels left.
You didn't know any spells.

Dungeon Overview and Level Annotations

Branches:
Dungeon (10/15)            Temple (1/1) D:4
   Lair: D:8-11         Orc: D:9-12

Altars:
Ashenzari
Cheibriados
Dithmenos
Elyvilon
Fedhas
Gozag
Hepliaklqana
Kikubaaqudgha
Makhleb
Nemelex Xobeh
Okawaru
Qazlal
Ru
Sif Muna
Trog
Uskayaw
Vehumet
Xom
Yredelemnul
Zin
The Shining One

Shops:
D:9 :


Innate Abilities, Weirdness & Mutations

You are resistant to damage.
You can heal yourself by infusing magical energy.
You passively map the area around you.
You do not regenerate.


Message History

The red ugly thing engulfs you but does no damage.
You hit the red ugly thing but do no damage.
The red ugly thing is heavily wounded.
The red ugly thing engulfs you.
You are engulfed in flames!
You hit the red ugly thing but do no damage.
The red ugly thing is heavily wounded.
The red ugly thing barely misses you.
The red ugly thing engulfs you but does no damage.
You closely miss the red ugly thing.
The red ugly thing is moderately wounded.
The red ugly thing engulfs you!
You are engulfed in flames!!
* * * LOW HITPOINT WARNING * * *
You hit the red ugly thing.
The red ugly thing is heavily wounded.
The red ugly thing engulfs you.
* * * LOW HITPOINT WARNING * * *
You are engulfed in flames!!
* * * LOW HITPOINT WARNING * * *
The red ugly thing engulfs you.
You die...

*, * * , * ,,
, * * * #* *
.# * * *..#* ,
, ,
#######...##<*
,,,, ,,
#....@u......
* **
#.######.####*
##.## *,*
##...## , *
##.....####*
**, * *
#..........,
#.......### **
#.......# ,**
* #......###
#.# #


You could see a red ugly thing.

Vanquished Creatures
  A two-headed ogre (D:8)
  A gargoyle (D:10)
  The ghost of letownia the Insei, a novice OpTm of Gozag (D:5)
  The ghost of Principatus the Skirmisher, an amateur DrWn of Ru (D:4)
  Grinder (D:3)
  2 hippogriffs
  Sigmund (D:6)
  3 sky beasts
  A black bear (D:8)
  3 ice beasts
  A phantom (D:5)
  An eye of draining (D:9)
  3 centaurs
  A necrophage (D:5)
  8 ogres
  A big kobold (D:9)
  4 bullfrogs
  A wyvern skeleton (D:8)
  A water moccasin skeleton (D:9)
  A scorpion (D:5)
  3 killer bees (D:7)
  6 wights
  3 howler monkeys (D:8)
  2 crimson imps
  3 quasits (D:9)
  8 hounds
  2 orc priests
  Crazy Yiuf (D:3)
  A gnoll shaman (D:8)
  A bullfrog skeleton (D:4)
  4 orc wizards
  Terence (D:3)
  3 iguanas
  6 worker ants
  A killer bee zombie (D:8)
  2 hound zombies
  2 worker ant zombies
  4 gnolls
  4 adders
  A shadow imp (D:7)
  An ooze (D:2)
  2 worms (D:2)
  3 dart slugs
  4 leopard geckos
  12 orcs
  6 bats
  8 giant cockroaches
  3 goblins (D:1)
  5 hobgoblins
  13 jackals
  A quokka (D:4)
  A frilled lizard (D:2)
  9 kobolds
  2 quokka skeletons
  9 rats
174 creatures vanquished.

Notes
Turn   | Place    | Note
-------+----------+-------------------------------------------
     0 | D:1      | Peloso the Deep Dwarf Fighter began the quest for the Orb.
     0 | D:1      | Reached XP level 1. HP: 20/20 MP: 1/1
    59 | D:1      | Reached XP level 2. HP: 23/28 MP: 2/2
   548 | D:1      | Reached XP level 3. HP: 26/34 MP: 0/3
   613 | D:1      | You fall through a shaft!
  1182 | D:2      | Reached XP level 4. HP: 26/42 MP: 0/4
  1722 | D:3      | Found an ancient bone altar of Kikubaaqudgha.
  1832 | D:3      | Noticed Grinder
  1839 | D:3      | Paralysed by Grinder for 6 turns
  1847 | D:3      | Killed Grinder
  1847 | D:3      | Reached skill level 2 in Axes
  1847 | D:3      | Reached skill level 5 in Shields
  1847 | D:3      | Reached XP level 5. HP: 9/49 MP: 0/5
  1966 | D:3      | Found a runed door.
  1970 | D:3      | Noticed Crazy Yiuf
  1974 | D:3      | Killed Crazy Yiuf
  1974 | D:3      | Reached XP level 6. HP: 35/56 MP: 0/6
  2009 | D:3      | Noticed Terence
  2013 | D:3      | Killed Terence
  2013 | D:3      | Reached skill level 3 in Axes
  2013 | D:3      | Reached skill level 1 in Stealth
  2357 | D:4      | Found a staircase to the Ecumenical Temple.
  2357 | D:4      | Noticed Principatus's ghost (amateur DrWn)
  2366 | Temple   | Entered the Ecumenical Temple
  2406 | Temple   | Became a worshipper of Warmaster Okawaru
  2432 | D:4      | Killed Principatus's ghost
  2432 | D:4      | Reached skill level 4 in Axes
  2432 | D:4      | Reached skill level 1 in Dodging
  2432 | D:4      | Reached XP level 7. HP: 55/62 MP: 0/7
  2722 | D:4      | Reached * piety under Okawaru
  2722 | D:4      | Reached skill level 5 in Armour
  3107 | D:5      | Entered Level 5 of the Dungeon
  3142 | D:5      | Noticed letownia's ghost (novice OpTm)
  3161 | D:5      | Killed letownia's ghost
  3161 | D:5      | Reached skill level 5 in Axes
  3294 | D:5      | Reached XP level 8. HP: 46/72 MP: 0/8
  3327 | D:5      | Reached ** piety under Okawaru
  3359 | D:5      | Reached skill level 6 in Axes
  4075 | D:6      | Noticed Sigmund
  4104 | D:6      | Killed Sigmund
  4104 | D:6      | Reached *** piety under Okawaru
  4104 | D:6      | Reached skill level 7 in Axes
  4231 | D:6      | Gained mutation: You passively map the area around you. [Deep Dwarf growth]
  4231 | D:6      | Reached XP level 9. HP: 51/80 MP: 9/9
  4307 | D:6      | Reached skill level 5 in Fighting
  4800 | D:7      | Reached skill level 1 in Evocations
  5155 | D:7      | Reached skill level 8 in Axes
  5498 | D:8      | Reached **** piety under Okawaru
  6084 | D:8      | Found a hide-covered altar of Uskayaw.
  6120 | D:8      | Reached skill level 9 in Axes
  6136 | D:8      | Found a shattered altar of Ashenzari.
  6136 | D:8      | Found a hazy altar of Hepliaklqana.
  6137 | D:8      | Found a glowing golden altar of the Shining One.
  6553 | D:8      | Received a gift from Okawaru
  6588 | D:8      | Noticed a two-headed ogre
  6593 | D:8      | Killed a two-headed ogre
  6593 | D:8      | Reached skill level 1 in Invocations
  6593 | D:8      | Reached XP level 10. HP: 21/90 MP: 12/12
  6783 | D:9      | Found an opulent altar of Gozag.
  6788 | D:9      | Found Soban's Book Emporium.
  7028 | D:9      | Reached ***** piety under Okawaru
  7396 | D:10     | Entered Level 10 of the Dungeon
  7396 | D:10     | Noticed a gargoyle
  7410 | D:10     | Killed a gargoyle
  7565 | D:10     | Noticed a red ugly thing
  7571 | D:10     | HP: 1/91 [red ugly thing (20)]
  7571 | D:10     | Slain by a red ugly thing

Skill      XL: |  1  2  3  4  5  6  7  8  9 10 |
---------------+-------------------------------+-----
Fighting       | 3 4 5 |  5.8
Shields        | 4 5 6 7 8 |  8.3
Axes           | 2 4 5 7 9 |  9.8
Armour         | 4 5 7 8 |  8.4
Stealth        | 1 2 |  2.3
Dodging        | 1 2 4 |  4.8
Evocations     | 3 |  3.3
Invocations    | 1 |  1.5
Long Blades    | 3 |  3.3

Action                   |  1- 3 |  4- 6 |  7- 9 | 10-12 || total
-------------------------+-------+-------+-------+-------++-------
Melee: Long sword        |    59 |       |       |       ||    59
       Hand axe          |    32 |    63 |   323 |    55 ||   473
       Great sword       |       |       |       |    35 ||    35
Invok: Heroism           |       |       |     4 |     5 ||     9
 Abil: Heal Wounds       |       |     2 |     4 |     5 ||    11
Evoke: Wand              |       |       |    20 |     1 ||    21
  Use: Potion            |     1 |     1 |       |       ||     2
       Scroll            |       |       |    19 |     1 ||    20
  Eat: Chunk             |     1 |     3 |    13 |     3 ||    20
       Fruit             |       |       |     2 |       ||     2
Armor: Scale mail        |    46 |    35 |   104 |    34 ||   219
Dodge: Dodged            |    31 |    18 |    96 |    37 ||   182
Block: Shield            |    64 |    33 |   116 |    22 ||   235
       Rpst.: Long sword |     6 |       |       |       ||     6
       Great sword       |       |       |       |     6 ||     6
